AoeStats
← xMYSTERYMANx

Arena

504481604Analyzed
2v2 RM · 28d ago on Sep 5, 2026· 62m 58s· 4 players
Game mode
Random Map
Map size
Medium (4 player)
Population
200
Speed
Normal
Resources
Standard
Victory
Conquest
Starting age
Dark Age
Ending age
Imperial Age
RankedLock teamsTeams togetherTeam positionsShared explorationLock speedFull tech treeHidden civsTurbo modeCheats
Victory
Defeat
🇮🇹 Bohemians · Italy
970
+12
🇨🇴 Italians · Colombia
721
+22
🇱🇰 Huns · Sri Lanka
884
-18
🇦🇷 Gurjaras · Argentina
844
-16
maalrugu
9:43 Feudal Age
8:06 Loom
14:36 Castle Age
18:52 Double-Bit Axe
26:02 Redemption
26:42 Wheelbarrow
27:17 Fervor
27:28 Sanctity
32:21 Imperial Age
33:03 Hand Cart
32:33 Town Watch
33:28 Block Printing
34:06 Illumination
34:17 Theocracy
34:02 Heresy
37:03 Chemistry
36:00 Murder Holes
38:25 Scale Mail Armor
38:35 Forging
38:23 Elite Hussite Wagon
39:11 Hussite Reforms
39:21 Squires
39:00 Pikeman
39:26 Arson
39:58 Chain Mail Armor
42:38 Halberdier
44:52 Iron Casting
44:54 Plate Mail Armor
55:18 Padded Archer Armor
56:20 Blast Furnace
60:40 Ballistics
60:27 Houfnice
Deyns1020
4:44 Loom
11:55 Feudal Age
13:43 Double-Bit Axe
17:03 Castle Age
14:53 Horse Collar
19:21 Bow Saw
21:26 Heavy Plow
21:22 Gold Mining
21:38 Padded Archer Armor
21:30 Fletching
23:16 Wheelbarrow
23:23 Elite Skirmisher
25:24 Stone Mining
26:20 Treadmill Crane
27:01 Ballistics
32:00 Imperial Age
29:49 Thumb Ring
31:33 Leather Archer Armor
31:14 Bodkin Arrow
32:33 Hand Cart
33:55 Chemistry
34:22 Crop Rotation
36:12 Two-Man Saw
35:55 Conscription
37:07 Ring Archer Armor
41:00 Elite Genoese Crossbowman
42:53 Bracer
51:19 Stone Shaft Mining
50:49 Murder Holes
61:55 Light Cavalry
62:48 Bloodlines
62:42 Husbandry
62:41 Hussar
xMYSTERYMANx
1:55 Loom
1:59 Loom
11:18 Feudal Age
12:37 Wheelbarrow
13:22 Double-Bit Axe
21:53 Castle Age
20:13 Gold Mining
20:06 Horse Collar
20:47 Stone Mining
22:48 Town Watch
23:31 Bow Saw
28:18 Hand Cart
30:06 Gold Shaft Mining
30:21 Husbandry
30:32 Bloodlines
31:46 Marauders
35:28 Scale Barding Armor
35:26 Scale Mail Armor
36:29 Chain Barding Armor
36:27 Forging
36:32 Chain Mail Armor
37:05 Town Patrol
39:07 Iron Casting
38:22 Fletching
40:53 Padded Archer Armor
40:49 Bodkin Arrow
43:27 Imperial Age
43:40 Elite Tarkan
44:45 Conscription
48:09 Two-Man Saw
47:29 Guilds
48:32 Pikeman
49:12 Squires
48:58 Arson
49:37 Halberdier
54:13 Plate Barding Armor
54:38 Blast Furnace
53:39 Bracer
53:55 Leather Archer Armor
SHUYING10
9:10 Feudal Age
10:59 Double-Bit Axe
15:57 Castle Age
14:40 Stone Mining
17:03 Loom
20:05 Horse Collar
22:14 Bow Saw
23:19 Heavy Plow
33:18 Stone Shaft Mining
32:34 Gold Mining
34:17 Husbandry
34:29 Bloodlines
36:11 Devotion
36:33 Sanctity
40:08 Imperial Age
39:35 Scale Barding Armor
39:41 Forging
42:55 Heresy
46:27 Fortified Wall
47:20 Treadmill Crane
47:36 Murder Holes
49:14 Gold Shaft Mining
49:51 Chemistry
48:42 Heated Shot
48:25 Elite Shrivamsha Rider
50:14 Crop Rotation
50:06 Chain Barding Armor
50:57 Iron Casting
50:03 Onager
59:52 Plate Barding Armor
60:22 Kshatriyas
60:39 Frontier Guards
59:41 Elite Chakram Thrower
Connection lost

Rejoining the realm…

Still unreachable

The connection could not be restored.

Session expired

The server has moved on; the page needs a fresh start.